Map: Tours du crépuscule

Players

Worming - Winner!

  • Race: Zerg Zerg
  • League: Diamond

GaÏa

  • Race: Protoss Protoss
  • League: Diamond

VOD

Have the link to the VOD?

Description

Time

  • Played on: Dec. 21, 2015, 12:28 p.m.
  • Length: 13:03
Show
View Real Time Build Order
Export as new Build Order

Worming Zerg - Winner!

Build Orders: Hatch First, Lurkers 

Get SALT Encoding   

  12  0:01  Drone  
  13  0:12  Overlord  
  13  0:17  Drone  
  14  0:30  Drone x2  
  14  0:34  Drone  
  17  0:53  Hatchery  
  17  0:56  Drone  
  17  0:59  Drone  
  18  1:16  Drone, Spawning Pool  
  18  1:20  Drone  
  18  1:21  Extractor  
  18  1:35  Drone  
  19  1:41  Drone  
  20  1:50  Overlord  
  20  2:02  Queen  
  20  2:06  Queen, Zergling x2  
  20  2:07  Zergling x2  
  26  2:11  Drone  
  27  2:19  Drone  
  28  2:23  Metabolic Boost  
  28  2:39  Drone x3  
  28  2:41  Queen  
  28  2:43  Overlord  
  33  2:46  Drone  
  33  2:49  Drone  
  35  2:55  Drone  
  36  2:59  Overlord  
  34  3:28  Extractor, Roach Warren  
  34  3:33  Overlord  
  34  3:34  Drone x7  
  38  3:36  Spine Crawler  
  38  3:42  Hatchery  
  37  3:49  Drone x2  
  37  3:50  Drone  
  37  3:51  Drone x3, Extractor  
  37  3:52  Overlord  
  42  4:00  Zergling x4  
  44  4:12  Drone x3  
  47  4:19  Zergling x2  
  47  4:20  Zergling x4  
  50  4:29  Roach x4  
  50  4:30  Roach  
  59  4:37  Extractor  
  58  4:40  Drone  
  59  4:54  Roach x2  
  59  4:55  Overlord  
  59  4:56  Overlord  
  59  4:57  Drone x5  
  68  5:05  Lair  
  68  5:09  Evolution Chamber  
  67  5:23  Drone x2  
  67  5:24  Drone x7  
  76  5:31  Ravager x3  
  76  5:32  Ravager x2  
  76  5:35  Drone  
  82  5:36  Zerg Missile Weapons Level 1  
  75  5:51  Spore Crawler  
  75  5:52  Spore Crawler  
  75  5:53  Spore Crawler  
  75  5:54  Drone x12  
  83  6:17  Extractor  
  83  6:18  Extractor  
  74  6:28  Roach x6  
  74  6:29  Roach x3  
  74  6:30  Overlord  
  89  6:37  Glial Reconstitution  
  89  6:39  Spine Crawler  
  83  6:40  Overlord  
  83  6:41  Roach x2  
  87  6:51  Drone  
  87  6:52  Drone  
  87  6:53  Drone x2  
  87  6:54  Drone  
  92  6:55  Drone x3  
  92  6:57  Ravager  
  96  7:11  Spire  
  96  7:13  Drone  
  96  7:14  Drone  
  97  7:19  Infestation Pit  
  97  7:22  Zergling x4  
  96  7:26  Drone, Hatchery  
  93  7:44  Zerg Missile Weapons Level 2  
  93  7:56  Hive  
  95  7:58  Roach x4  
  95  7:59  Roach x2  
  105  8:06  Hydralisk Den  
  104  8:15  Drone, Overlord  
  104  8:16  Overlord x3  
  104  8:34  Drone x5  
  104  8:35  Drone x12  
  104  8:38  Queen x2  
  125  8:44  Overlord x3  
  125  8:46  Lurker Den  
  125  8:47  Hydralisk  
  125  8:48  Hydralisk x2  
  131  9:03  Extractor  
  131  9:05  Drone x3, Extractor  
  131  9:06  Drone x3  
  131  9:09  Corruptor x3, Greater Spire, Hydralisk  
  125  9:10  Hydralisk  
  121  9:20  Hydralisk x9  
  137  9:24  Roach x3  
  143  9:32  Corruptor x4  
  151  9:40  Overlord x2  
  151  9:41  Zergling x6  
  154  9:51  Overlord  
  154  9:52  Overlord  
  154  10:03  Zerg Missile Weapons Level 3  
  154  10:21  Muscular Augments, Zerg Flyer Weapons Level 1  
  154  10:23  Brood Lord x3  
  154  10:24  Brood Lord  
  154  10:26  Lurker x2  
  164  10:38  Corruptor  
  164  10:39  Zergling x2, Hatchery  
  164  10:40  Zergling x20  
  175  10:44  Hydralisk x4  
  175  10:45  Zergling x8, Hydralisk x2  
  175  10:46  Zergling x8  
  158  11:30  Overlord  
  157  11:36  Ultralisk Cavern  
  157  11:39  Hatchery  
  155  11:40  Evolution Chamber  
  155  11:41  Lurker  
  155  11:43  Lurker x2  
  157  11:48  Overlord x2  
  157  11:49  Roach x12  
  181  11:56  Brood Lord x2  
  184  12:03  Corruptor x2  
  184  12:04  Zergling x2, Corruptor  
  184  12:05  Zergling x12  
Show
View Real Time Build Order
Export as new Build Order

GaÏa Protoss 

Build Orders: Nexus First 

Get SALT Encoding   

  12  0:01  Probe (Chrono Boost)  
  13  0:11  Probe (Chrono Boost)  
  14  0:17  Pylon  
  14  0:22  Probe (Chrono Boost)  
  16  0:35  Probe (Chrono Boost)  
  16  0:46  Probe (Chrono Boost)  
  17  0:56  Probe (Chrono Boost)  
  18  1:02  Nexus  
  18  1:07  Probe (Chrono Boost)  
  19  1:15  Gateway  
  19  1:18  Probe (Chrono Boost)  
  20  1:24  Assimilator  
  20  1:29  Probe (Chrono Boost)  
  20  1:31  Assimilator  
  21  1:39  Probe (Chrono Boost)  
  22  1:44  Gateway  
  22  1:50  Probe (Chrono Boost)  
  23  2:02  Pylon  
  23  2:05  Cybernetics Core  
  23  2:14  Probe (Chrono Boost)  
  24  2:18  Probe (Chrono Boost)  
  25  2:27  Probe (Chrono Boost)  
  25  2:37  Gateway  
  25  2:39  Gateway  
  25  2:42  Mothership Core (Chrono Boost)  
  27  2:44  Warp Gate (Chrono Boost)  
  27  2:47  Probe (Chrono Boost)  
  28  2:53  Adept (Chrono Boost)  
  28  2:57  Probe  
  31  3:14  Pylon  
  33  3:20  Adept (Chrono Boost)  
  33  3:25  Adept (Chrono Boost)  
  33  3:26  Probe  
  37  3:27  Probe  
  37  3:29  Adept (Chrono Boost)  
  39  3:36  Probe  
  39  3:38  Stargate  
  39  3:39  Probe  
  41  3:47  Probe  
  41  3:52  Probe  
  43  3:58  Probe  
  44  4:04  Probe  
  44  4:08  Probe  
  45  4:16  Pylon  
  46  4:17  Pylon  
  46  4:33  Probe  
  46  4:34  Oracle (Chrono Boost)  
  46  4:35  Probe  
  57  4:43  Probe  
  56  4:47  Probe  
  55  4:54  Probe, Adept  
  55  4:55  Adept  
  55  4:59  Probe  
  59  5:04  Adept  
  59  5:05  Probe  
  62  5:21  Nexus  
  62  5:23  Pylon  
  62  5:24  Pylon x2  
  62  5:27  Pylon  
  62  5:32  Assimilator  
  62  5:35  Pylon  
  62  5:40  Probe  
  62  5:41  Probe  
  64  5:48  Adept x3  
  69  5:51  Oracle (Chrono Boost)  
  69  5:53  Probe  
  69  5:55  Probe  
  69  5:56  Gateway  
  73  5:59  Gateway  
  74  6:05  Gateway, Probe  
  74  6:06  Probe  
  74  6:07  Pylon  
  74  6:11  Stalker x4  
  78  6:17  Probe  
  84  6:40  Probe  
  84  6:43  Void Ray (Chrono Boost)  
  84  6:44  Probe x2  
  84  6:46  Robotics Facility  
  91  6:47  Robotics Facility  
  91  6:52  Probe  
  92  6:55  Probe x2, Assimilator  
  92  7:00  Assimilator  
  94  7:03  Forge  
  94  7:05  Probe, Forge  
  94  7:07  Pylon, Stalker x2  
  94  7:08  Zealot  
  101  7:09  Probe x2  
  101  7:10  Pylon  
  103  7:27  Probe  
  104  7:34  Phoenix (Chrono Boost)  
  101  7:51  Immortal  
  101  7:53  Probe  
  101  7:56  Phoenix (Chrono Boost)  
  108  8:04  Probe  
  109  8:11  Assimilator  
  109  8:17  Robotics Bay  
  109  8:18  Phoenix (Chrono Boost)  
  111  8:21  Nexus  
  111  8:26  Assimilator  
  110  8:31  Assimilator  
  109  8:34  Pylon  
  109  8:36  Pylon  
  109  8:39  Phoenix (Chrono Boost)  
  109  8:40  Immortal  
  109  8:41  Immortal  
  119  8:47  Probe  
  120  8:49  Pylon  
  120  8:50  Pylon  
  119  8:58  Stalker x3  
  111  9:19  Probe, Phoenix (Chrono Boost)  
  111  9:20  Disruptor x2  
  111  9:22  Stalker  
  122  9:26  Probe x2  
  124  9:31  Protoss Ground Armor Level 1  
  124  9:50  Probe  
  124  9:52  Protoss Ground Weapons Level 1 (Chrono Boost)  
  125  9:55  Twilight Council, Disruptor (Chrono Boost)  
  125  9:59  Probe x2  
  130  10:07  Gateway  
  130  10:08  Disruptor (Chrono Boost)  
  130  10:09  Gateway  
  133  10:23  Stalker x2  
  133  10:24  Stalker x2  
  141  10:29  Warp Prism (Chrono Boost)  
  143  10:40  Observer (Chrono Boost)  
  105  11:21  Stalker x2  
  105  11:22  Stalker x5  
  100  11:25  Void Ray  
  98  11:37  Probe x2  
  98  11:38  Disruptor  
  100  11:40  Stalker  
  100  11:42  Stalker  
  100  11:43  Disruptor  
  110  11:53  Stalker  
  110  11:54  Stalker x5  
  120  12:04  Stalker x2  
  122  12:10  Void Ray  
  122  12:13  Stalker  
  108  12:48  Stalker  
  108  12:49  Stalker x3  
Tags
 
Add a new tag
Caveats
  • Supply blocks, unpowered buildings, or Contaminate may cause inaccurate times.
  • Supply counts are checked every 10 seconds.